 Dungeon Sprint DCSS version 0.30-a0-800-g7c544603b3 (webtiles) character file.

Game seed: 14891946482320252069

38 rocky1 the Cudgeller (level 3, -2/23 HPs)
             Began as a Gargoyle Gladiator on Feb 22, 2023.
             Slain by an iguana (5 damage)
             ... in the Dungeon (Sprint IX: "|||||||||||||||||||||||||||||").
             The game lasted 00:00:09 (47 turns).

rocky1 the Cudgeller (Gargoyle Gladiator)             Turns: 47, Time: 00:00:10

Health: -2/23      AC:  7    Str: 19    XL:     3   Next: 43%
Magic:  3/3        EV: 12    Int:  8    God:
Gold:   0          SH:  0    Dex: 11    Spells: 2/2 levels left

rFire   . . .      SeeInvis .    a - +0 flail
rCold   . . .      Faith    .    (no shield)
rNeg    + . .      Spirit   .    b - +0 leather armour
rPois   ∞          Reflect  .    c - +0 helmet
rElec   +          Harm     .    (no cloak)
rCorr   .          Rampage  .    (no gloves)
Will    .....      NoTele   +    (no boots)
Stlth   +                        (no amulet)
HPRegen 0.23/turn                (no ring)
MPRegen 0.08/turn                (no ring)

@: no status effects
A: sickness immunity, AC +3, negative energy resistance 1, electricity
resistance, torment resistance 1, petrification resistance
a: no special abilities


You were in the Dungeon.
You visited 1 branch

Inventory:

Hand Weapons
 a - a +0 flail (weapon)
Missiles
 d - 3 throwing nets (quivered)
 e - a javelin
Armour
 b - a +0 leather armour (worn)
 c - a +0 helmet (worn)
Scrolls
 k - a scroll of blinking
Potions
 f - a potion of curing
 g - a potion of heal wounds
 h - a potion of haste
 i - 2 potions of magic
 j - a potion of berserk rage


   Skills:
 + Level 3.3 Fighting
 + Level 5.1 Maces & Flails
 + Level 2.3 Throwing
 + Level 4.0 Dodging


You had 2 spell levels left.
You didn't know any spells.
Your spell library was empty.

Dungeon Overview and Level Annotations

Branches:
Dungeon (1/1)

Altars:


Innate Abilities, Weirdness & Mutations

You are immune to sickness and miasma.
Your stone body is resilient. (AC +3)
You are immune to poison.
You resist negative energy. (rN+)
You are resistant to electric shocks. (rElec)
You are resistant to unholy torment.
You are immune to petrification.


Message History

The jackal is heavily wounded.
The jackal bites you but does no damage.
You sock the jackal!
You kill the jackal!
You hit the orc.
The orc is lightly wounded.
The orc hits you but does no damage.
You sock the orc!
You kill the orc!
The hound closely misses you.
Your Maces & Flails skill increases to level 4!
You thump the hound!
The hound is heavily wounded.
The hound closely misses you.
You hit the hound but do no damage.
The hound is heavily wounded.
The hound bites you. x2
You hit the hound.
The hound is almost dead.
The hound barely misses you. The hound bites you but does no damage.
You hit the hound.
You kill the hound!
Your Fighting skill increases to level 3!
Your Maces & Flails skill increases to level 5!
Your Dodging skill increases to level 4!
You have reached level 3!
Your experience leads to an increase in your attributes!
Increase (S)trength, (I)ntelligence, or (D)exterity?
You feel stronger. x2
Unknown command.
You hit the iguana but do no damage. The iguana bites you!
You hit the iguana.
The iguana is moderately wounded.
The iguana misses you.
You hit the iguana.
The iguana is heavily wounded.
The iguana bites you!
* * * LOW HITPOINT WARNING * * *
The iguana bites you.
You die... ▓▓▓▓▓▓▓▓▓▓▓▓▓▓▓▓▓▓ +....Sl@..))'...<▓ ▓▓▓▓▓▓▓▓▓▓▓▓▓▓▓▓▓▓

You could see an iguana and an adder.

Vanquished Creatures
  A hound (D)
  A dart slug (D)
  An orc (D)
  2 goblins (D)
  A jackal (D)
  A kobold (D)
  A rat (D)
8 creatures vanquished.

Notes
Turn   | Place    | Note
-------+----------+-------------------------------------------
     0 | D        | rocky1 the Gargoyle Gladiator began the quest for the Orb.
     0 | D        | Reached XP level 1. HP: 12/12 MP: 1/1
    14 | D        | Reached XP level 2. HP: 14/18 MP: 2/2
    41 | D        | Reached skill level 4 in Maces & Flails
    45 | D        | Reached skill level 5 in Maces & Flails
    45 | D        | Reached XP level 3. HP: 16/23 MP: 3/3
    47 | D        | Slain by an iguana

Illustrated notes

Levels and vault maps discovered:
D:        linesprint [early_d, line_temple, items_1, d_10, items_2, lair_1,
          lair_end, items_3, orc_1, orc_end, items_4, d_15, swamp_1, shoals_1,
          snake_1, spider_1, d_20, vaults_1, items_5, swamp_end, shoals_end,
          snake_end, spider_end, vaults_end, d_27, items_6, zot_1, zot_end,
          crypt_end, forest_end, elf_end, slime_end, tomb_end, abyss_end,
          pan_hell_end]

Skill      XL: |  1  2 |
---------------+-------+-----
Throwing       | 2 |  2.3
Dodging        | 3 4 |  4.0
Maces & Flails | 5 |  5.1
Fighting       | 3 |  3.3

Action                     || total
---------------------------++-------
  Melee: Flail             ||    20
 Armour: Leather armour    ||     3
  Dodge: Dodged            ||    10

Table legend: (Time is in decaauts)
 A = Elapsed time spent in this place.
 B = Non-inter-level travel time spent in this place.
 C = Inter-level travel time spent in this place.
 D = Time resting spent in this place.
 E = Time spent auto-exploring this place.
 F = Levels seen in this place.
 G = Mean time per level.
                   A        B        C        D        E       F      G
               +--------+--------+--------+--------+--------+-----+--------+
         Total |     50 |     50 |      0 |     17 |      0 |   1 |   50.0 |
       Dungeon |     50 |     50 |      0 |     17 |      0 |   1 |   50.0 |
               +--------+--------+--------+--------+--------+-----+--------+

Top non-repeatable levels by time:
       D: 50 daAuts
